 Dungeon Crawl Stone Soup version 0.28.0-53-g5a82cb258f (webtiles) character file.

Game seed: 8793738704314998257

37 Descartes the Grave Robber (level 3, -3/16 HPs)
             Began as a Felid Wanderer on July 9, 2022.
             Slain by a gnoll
             ... wielding a +2 halberd of protection
              (19 damage)
             ... on level 2 of the Dungeon.
             The game lasted 00:03:12 (2233 turns).

Descartes the Grave Robber (Felid Wanderer)         Turns: 2233, Time: 00:03:13

Health: -3/16      AC:  1    Str:  7    XL:     3   Next: 21%
Magic:  5/5        EV: 16    Int: 17    God:
Gold:   42         SH:  0    Dex: 14    Spells: 3/4 levels left
                                        Lives:  0   Deaths: 0

rFire   . . .      SeeInvis +     - Unarmed
rCold   . . .      Faith    .   (shield unavailable)
rNeg    . . .      Spirit   .   (armour unavailable)
rPois   .          Reflect  .   (helmet unavailable)
rElec   .          Harm     .   (cloak unavailable)
rCorr   .          Rampage  .   (gloves unavailable)
Will    .....                   (boots unavailable)
Stlth   ++........              (no amulet)
HPRegen 0.05/turn               (no ring)
MPRegen 0.09/turn               (no ring)

@: quick
A: very small, claws 1, fangs 3, see invisible, speed 1, shaggy fur 1, stealthy
paws, no weapons or thrown items, no armour, multi-lived
a: no special abilities


You were on level 2 of the Dungeon.
You visited 1 branch of the dungeon, and saw 2 of its levels.

You collected 42 gold pieces.

Inventory:

Jewellery
 i - a ring of ice
Scrolls
 a - a scroll of teleportation
 c - a scroll of fear {unknown}
 e - a scroll of fog {unknown}
Potions
 b - 3 potions of flight {unknown}
 d - a potion of brilliance {unknown}
 f - 2 potions of heal wounds {unknown}
 g - a potion of lignification {unknown}
 h - a potion of magic {unknown}


   Skills:
 - Level 2.0 Fighting
 + Level 2.0 Dodging
 + Level 2.7 Stealth
 + Level 1.4 Unarmed Combat
 - Level 1.0 Spellcasting
 + Level 0.1 Hexes
 - Level 5.0 Necromancy
 + Level 0.5 Transmutations
 - Level 1.0 Invocations


You had 3 spell levels left.
You knew the following spells:

 Your Spells              Type           Power      Damage    Failure   Level
a - Animate Skeleton      Necr           34%        N/A       2%          1

Your spell library contained the following spells:

 Spells                   Type           Power      Damage    Failure   Level
 Vampiric Draining        Necr           17%        2d7       9%          3
 Tukima's Dance           Hex            1%         N/A       52%         3
 Dispel Undead            Necr           17%        3d10      26%         4
 Passage of Golubria      Tloc           0%         N/A       91%         4
 Blade Hands              Tmut           1%         N/A       99%         5
 Yara's Violent Unravell  Hex/Tmut       1%         3d3       99%         5
 Iron Shot                Conj/Erth      0%         9d1       100%        6
 Animate Armour           Summ/Erth      Unusable   N/A       N/A         4

Dungeon Overview and Level Annotations

Branches:
Dungeon (2/15)

Altars:


Innate Abilities, Weirdness & Mutations

You have sharp claws.
You have razor-sharp teeth.
You have supernaturally acute eyesight. (SInv)
You cover ground quickly. (Speed+)
You are covered in fur. (AC +1)
Your paws help you pounce on unaware monsters.
You are incapable of wielding weapons or throwing items.
You cannot wear armour.
You gain extra lives every three experience levels.


Message History

Found a short sword.
No target in view!
h - a smoky coppery potion
i - a ring of ice
Found a dagger.
You see here a +0 dagger.
A ball python comes into view.
Found a plate armour.
The ball python hisses angrily.
A ball python is nearby!
You see here a +0 plate armour.
You scratch the ball python. You claw the ball python.
You kill the ball python!
No target in view!
No target in view!
No target in view!
No target in view!
No target in view!
No target in view!
No target in view!
No target in view!
No target in view!
No target in view!
No target in view!
No target in view! 3 gnolls come into view.
A gnoll is wielding a +2 halberd of protection.
The gnoll shouts! x2
You scratch the gnoll but do no damage. You bite the gnoll, but do no damage.
The gnoll closely misses you. The gnoll completely misses you.
You scratch the gnoll but do no damage. The gnoll barely misses you.
The gnoll closely misses you.
You scratch the gnoll. Your bite misses the gnoll.
The gnoll is moderately wounded.
The gnoll closely misses you. x2
You scratch the gnoll but do no damage.
The gnoll is moderately wounded.
The gnoll hits you with a +2 halberd of protection!!
Ouch! That really hurt!
You die...

#. #. ########.
#........ #.#######
#.####### #.)......
###################
#.@.........# #
#g#########.# # #g
#.# # #g #.# # #.
#.# # #. #.# # #.
#.# # #. #.#######
#........


You could see 3 gnolls.

Vanquished Creatures
  5 bats
  4 endoplasms
  2 giant cockroaches
  4 goblins
  4 jackals (D:1)
  2 quokkas (D:1)
  3 ball pythons
  A kobold (D:1)
  9 rats
34 creatures vanquished.

Notes
Turn   | Place    | Note
-------+----------+-------------------------------------------
     0 | D:1      | Descartes the Felid Wanderer began the quest for the Orb.
     0 | D:1      | Descartes set off with the following items: a scroll of
                  | teleportation; and the following spell memorised: Animate
                  | Skeleton; and the following spells available to memorise:
                  | Vampiric Draining, Dispel Undead
     0 | D:1      | Reached XP level 1. HP: 9/9 MP: 3/3
   542 | D:1      | You fall into a shaft and drop 1 floor!
   699 | D:2      | Reached skill level 1 in Dodging
   752 | D:1      | Reached XP level 2. HP: 13/13 MP: 4/4
   753 | D:1      | Found a faded altar of an unknown god.
   913 | D:1      | Reached skill level 1 in Unarmed Combat
  1707 | D:1      | Reached XP level 3. HP: 15/16 MP: 5/5
  2233 | D:2      | Slain by a gnoll

Illustrated notes

Levels and vault maps discovered:
D:1:      dpeg_arrival_ratfight, layout_loops_ring,
          ebering_ecumenical_altar_rust
D:2:      layout_loops_ring

Skill      XL: |  1  2  3 |
---------------+----------+-----
Dodging        | 1 2 |  2.0
Stealth        | 2 |  2.7
Unarmed Combat | 1 |  1.4
Fighting       | |  2.0
Spellcasting   | |  1.0
Hexes          | |  0.1
Necromancy     | |  5.0
Transmutations | |  0.5
Invocations    | |  1.0

Action                   || total
-------------------------++-------
Melee: Unarmed           ||   124
       Bite              ||     6
       Punch             ||     1
 Stab: Sleeping          ||     4
Armor: Skin              ||     9
Dodge: Dodged            ||    95
